[Event "Titled Tuesday Blitz June 6 Early 2023"]
[White "kuanysh1981"]
[Black "Martic, Ivan"]
[BlackFideId "929301"]
[WhiteElo "2459"]
[BlackElo "2346"]
[Result "0-1"]
[Round "8"]
[TimeControl "180+2"]
[Date "2023.06.06"]
[WhiteClock "0:00:24"]
[BlackClock "0:00:43"]
[Board "72"]

1. e4 c5 2. Nf3 e6 3. b3 a6 4. Bb2 Nc6 5. Be2 Nf6 6. e5 Ng4 7. h3 Nh6 8. O-O Qc7 9. Re1 Nf5 10. Bf1 b5 11. Nc3 Bb7 12. Ne4 Be7 13. a4 b4 14. d3 Ncd4 15. Nxd4 Nxd4 16. f4 O-O 17. c3 bxc3 18. Bxc3 f5 19. exf6 Bxf6 20. Nxf6+ Rxf6 21. Bxd4 cxd4 22. g3 Rg6 23. Kh2 Qc6 24. Re4 Qd6 25. Re5 Rc8 26. Rc1 Rc3 27. Rxc3 dxc3 28. d4 Qc6 29. d5 Qc5 30. Bg2 c2 31. Qc1 Qf2 32. g4 Bxd5 0-1


[Site "https://www.chess.com"]

[Event "Titled Tuesday Blitz June 6 Early 2023"]
[White "Yeritsyan, Hayk"]
[Black "Gavrilov, Maxim"]
[WhiteFideId "13307320"]
[BlackFideId "24271454"]
[WhiteElo "2450"]
[BlackElo "1969"]
[Result "1-0"]
[Round "8"]
[TimeControl "180+2"]
[Date "2023.06.06"]
[WhiteClock "0:00:05"]
[BlackClock "0:00:13"]
[Board "73"]

1. c4 g6 2. Nc3 Bg7 3. g3 Nf6 4. Bg2 O-O 5. e4 d6 6. Nge2 Nbd7 7. d3 e5 8. O-O c6 9. h3 Nc5 10. f4 Ne6 11. f5 Nd4 12. g4 Ne8 13. Nxd4 exd4 14. Ne2 g5 15. Ng3 Be5 16. Nh5 f6 17. h4 h6 18. hxg5 hxg5 19. Kf2 Ng7 20. Rh1 Bd7 21. Bd2 Be8 22. Nxg7 Kxg7 23. Qf3 Bf7 24. Rh3 Rh8 25. Rxh8 Qxh8 26. Rh1 Qg8 27. Qh3 Kf8 28. Qh7 Qxh7 29. Rxh7 Bg8 30. Rxb7 Bf7 31. b4 Be8 32. a4 a6 33. Bf3 c5 34. Bd1 Bc6 35. Rb6 Bd7 36. a5 Ke7 37. b5 Kd8 38. bxa6 Kc7 39. Rb7+ Kc8 40. Rb6 Kc7 41. Kf3 Bc6 42. Be1 Rh8 43. Bf2 Rh3+ 44. Ke2 Rh8 45. Kf1 Rb8 46. Rxb8 Kxb8 47. Kg2 Ka7 48. Be1 Kxa6 49. Kf3 Bf4 50. Ke2 Bc1 51. Bb3 Bf4 52. Kd1 Be8 53. Kc2 Bd7 54. Kb2 Be8 55. Ka2 Bd7 56. Bc2 Be8 57. Ka3 Bd7 58. Ba4 Bxa4 59. Kxa4 Be5 60. Bd2 Bf4 61. Bxf4 gxf4 62. g5 f3 63. gxf6 f2 64. f7 f1=Q 65. f8=Q Qd1+ 66. Ka3 Qxd3+ 67. Kb2 Qc3+ 68. Kb1 Qb3+ 69. Ka1 Qa4+ 70. Kb2 Qb4+ 71. Ka1 Qxa5+ 72. Kb2 Qc3+ 73. Kb1 Qb3+ 74. Ka1 Qa3+ 75. Kb1 Qd3+ 76. Kb2 Qe2+ 77. Ka1 Qxc4 78. Qxd6+ Ka5 79. f6 Qa4+ 80. Kb2 Qb4+ 81. Kc2 Qc3+ 82. Kd1 Qd3+ 83. Kc1 Qe3+ 84. Kb2 Qc3+ 85. Kb1 Qb3+ 86. Kc1 Qc4+ 87. Kd2 Qc3+ 88. Ke2 Qe3+ 89. Kf1 Qf3+ 90. Kg1 Kb4 91. Qb6+ Kc4 92. Qe6+ Kc3 93. f7 Qg3+ 94. Kh1 Qh3+ 95. Qxh3+ d3 96. f8=Q Kc2 97. Qxc5+ 1-0


[Site "https://www.chess.com"]

[Event "Titled Tuesday Blitz June 6 Early 2023"]
[White "Alexikov, Alexander"]
[Black "Garcia Blanco, Omar"]
[WhiteFideId "14103958"]
[BlackFideId "2287153"]
[WhiteElo "2186"]
[BlackElo "2356"]
[Result "0-1"]
[Round "8"]
[TimeControl "180+2"]
[Date "2023.06.06"]
[WhiteClock "0:02:32"]
[BlackClock "0:02:34"]
[Board "74"]

1. e4 c6 2. d3 d5 3. Nd2 e5 4. Ngf3 Bd6 5. g3 Nf6 6. Bg2 O-O 7. O-O Re8 8. Re1 h6 9. c3 a5 10. Qc2 a4 11. Rb1 Nbd7 12. b4 axb3 13. axb3 Nf8 14. b4 Ng6 15. Nb3 Qc7 16. h3 dxe4 17. d4 exf3 0-1


[Site "https://www.chess.com"]

[Event "Titled Tuesday Blitz June 6 Early 2023"]
[White "Terletsky, Oleg"]
[Black "ArchibaldCerveza29"]
[WhiteFideId "14116774"]
[WhiteElo "2126"]
[BlackElo "2446"]
[Result "1-0"]
[Round "8"]
[TimeControl "180+2"]
[Date "2023.06.06"]
[WhiteClock "0:00:47"]
[BlackClock "0:01:23"]
[Board "75"]

1. e4 e5 2. Nf3 Nc6 3. Nc3 Nf6 4. d4 exd4 5. Nxd4 Nxe4 6. Nxe4 Qe7 7. f3 d5 8. Bb5 Bd7 9. Bxc6 bxc6 10. O-O dxe4 11. fxe4 g6 12. Nb3 Bg7 13. Be3 a5 14. Bc5 Qe6 15. a4 Bxb2 16. Rb1 Be5 17. Qd3 Bc8 18. Nd4 Qd7 19. Rfd1 Ba6 20. Qxa6 Bxd4+ 21. Rxd4 Rxa6 22. Rb8+ Qc8 23. Rxc8# 1-0


[Site "https://www.chess.com"]

[Event "Titled Tuesday Blitz June 6 Early 2023"]
[White "Mogirzan, Matei-Valeriu"]
[Black "Malyi, Viacheslav"]
[WhiteFideId "1257455"]
[BlackFideId "14123983"]
[WhiteElo "1733"]
[BlackElo "2291"]
[Result "1/2-1/2"]
[Round "8"]
[TimeControl "180+2"]
[Date "2023.06.06"]
[WhiteClock "0:00:04"]
[BlackClock "0:00:32"]
[Board "76"]

1. e4 e5 2. f4 d5 3. Nf3 dxe4 4. Nxe5 Nd7 5. d4 exd3 6. Bxd3 Nxe5 7. fxe5 Bc5 8. Nc3 Qh4+ 9. g3 Qg4 10. Bf4 Qxd1+ 11. Rxd1 Bg4 12. Be2 Bxe2 13. Kxe2 c6 14. Ne4 Be7 15. Nd6+ Bxd6 16. Rxd6 Rd8 17. e6 Rxd6 18. exf7+ Kxf7 19. Bxd6 Nf6 20. Bc5 Re8+ 21. Kf3 b6 22. Bd4 Nd5 23. c4 Nb4 24. a3 Nd3 25. Rd1 Ne5+ 26. Bxe5 Rxe5 27. Rd7+ Re7 28. Rxe7+ Kxe7 29. Ke4 Ke6 30. g4 h6 31. Kf4 g6 32. h4 Kf6 33. g5+ hxg5+ 34. hxg5+ Ke6 35. Ke4 Kd6 36. Kd4 Ke6 37. Ke4 a6 38. a4 a5 39. Kf4 Kd6 40. Ke4 Ke6 41. Kf4 Kd6 42. Ke4 Ke6 1/2-1/2


[Site "https://www.chess.com"]

[Event "Titled Tuesday Blitz June 6 Early 2023"]
[White "Ai, Evan"]
[Black "Gheorghiu, Calin"]
[WhiteFideId "2094770"]
[BlackFideId "1200305"]
[WhiteElo "1963"]
[BlackElo "2204"]
[Result "1-0"]
[Round "8"]
[TimeControl "180+2"]
[Date "2023.06.06"]
[WhiteClock "0:00:21"]
[BlackClock "0:00:05"]
[Board "77"]

1. e4 e6 2. d4 d5 3. Nd2 c5 4. exd5 exd5 5. Ngf3 Nf6 6. Bb5+ Nc6 7. Qe2+ Be7 8. Bxc6+ bxc6 9. dxc5 O-O 10. Nb3 a5 11. a4 Ba6 12. Qe3 Re8 13. Ne5 Ng4 14. Nxg4 Bg5 15. Qxe8+ Qxe8+ 16. Be3 d4 17. Nxd4 h5 18. O-O-O hxg4 19. Bxg5 Qe5 20. Be3 Qxc5 21. Nb3 Qb4 22. Rd4 Qb7 23. Nc5 Qe7 24. Rhd1 g6 25. Rd7 Qe5 26. Rd8+ Rxd8 27. Rxd8+ Kh7 28. Nxa6 Qxh2 29. g3 Qg1+ 30. Rd1 Qg2 31. Nc5 Qf3 32. Nd7 Qf5 33. Rh1+ Kg8 34. Bd4 f6 35. Nxf6+ Kf7 36. Rh7+ Ke6 37. Rh8 Qf3 38. Re8+ Kf7 39. Re1 c5 40. Bc3 c4 41. Ne4 Kg8 42. Ng5 Qf8 43. Rh1 1-0


[Site "https://www.chess.com"]

[Event "Titled Tuesday Blitz June 6 Early 2023"]
[White "Yonal, Timur"]
[Black "Perske, Thore"]
[WhiteFideId "44115725"]
[BlackFideId "12902195"]
[WhiteElo "1966"]
[BlackElo "2336"]
[Result "1-0"]
[Round "8"]
[TimeControl "180+2"]
[Date "2023.06.06"]
[WhiteClock "0:01:00"]
[BlackClock "0:00:47"]
[Board "78"]

1. e4 e6 2. d4 d5 3. Nc3 Bb4 4. e5 c5 5. a3 Bxc3+ 6. bxc3 Qa5 7. Bd2 Qa4 8. Qg4 Kf8 9. Nf3 b6 10. h4 Ba6 11. Bxa6 Nxa6 12. h5 h6 13. Rh3 Ne7 14. Nh4 Qxc2 15. Rf3 Qe4+ 16. Qxe4 dxe4 17. Rf4 cxd4 18. cxd4 Rc8 19. Ng6+ Nxg6 20. hxg6 Rc7 21. Rc1 Rxc1+ 22. Bxc1 f5 23. exf6 gxf6 24. Rxf6+ Kg7 25. Rxe6 Rc8 26. Bf4 Nb8 27. Be5+ Kg8 28. Re7 Nc6 29. Rg7+ Kf8 30. Rh7 Nxe5 31. Rh8+ Kg7 32. Rxc8 Nd3+ 33. Ke2 Kxg6 34. Rc7 a5 35. Rc6+ Kf5 36. Rxb6 Nf4+ 37. Kd2 Nxg2 38. Rxh6 Nf4 39. Ra6 Kg4 40. Rxa5 Kf3 41. Rf5 Kg4 42. Rxf4+ Kxf4 1-0


[Site "https://www.chess.com"]

[Event "Titled Tuesday Blitz June 6 Early 2023"]
[White "Afanasieva, Alexandra"]
[Black "Orujov2008"]
[WhiteFideId "34126926"]
[WhiteElo "1736"]
[BlackElo "2497"]
[Result "0-1"]
[Round "8"]
[TimeControl "180+2"]
[Date "2023.06.06"]
[WhiteClock "0:00:09"]
[BlackClock "0:00:50"]
[Board "79"]

1. e4 e5 2. Nf3 Nf6 3. Nxe5 Nxe4 4. Qe2 Qe7 5. Qxe4 d6 6. d4 dxe5 7. dxe5 Nc6 8. Bb5 Bd7 9. O-O O-O-O 10. Re1 Nxe5 11. Bxd7+ Rxd7 12. Bf4 Ng6 13. Nc3 Qxe4 14. Rxe4 Bc5 15. Rae1 Nxf4 16. Rxf4 Rd2 17. Ne4 Rxc2 18. Nxc5 Rxc5 19. Rxf7 Rc2 20. Rxg7 Rxb2 21. h4 Rxa2 22. Ree7 Rc2 23. Rxh7 Rf8 24. Rhf7 Rh8 25. h5 b5 26. Rh7 Rxh7 27. Rxh7 b4 28. h6 b3 29. Rh8+ Kb7 30. h7 b2 31. Kh2 b1=Q 32. Rd8 Rc1 0-1


[Site "https://www.chess.com"]

[Event "Titled Tuesday Blitz June 6 Early 2023"]
[White "Zaksaite, Salomeja"]
[Black "Atakhan, Abtin"]
[WhiteFideId "12801496"]
[BlackFideId "22502203"]
[WhiteElo "2059"]
[BlackElo "2008"]
[Result "0-1"]
[Round "8"]
[TimeControl "180+2"]
[Date "2023.06.06"]
[WhiteClock "0:00:01"]
[BlackClock "0:01:41"]
[Board "80"]

1. e4 c5 2. Nf3 d6 3. d4 cxd4 4. Nxd4 Nf6 5. Nc3 a6 6. Bc4 e6 7. Bb3 b5 8. Qf3 Qc7 9. Bg5 Be7 10. e5 dxe5 11. Nxe6 fxe6 12. Qxa8 Bb7 13. Qa7 Bc5 14. Qxc5 Qxc5 15. O-O-O b4 16. Na4 Qc7 17. Bxe6 Bxg2 18. Rhe1 Be4 19. Bb3 Bg6 20. Bf4 Nc6 21. Nc5 Bf7 22. Nxa6 Qb6 23. Bxe5 Nxe5 24. Rxe5+ Kf8 25. Nxb4 Qxb4 0-1


[Site "https://www.chess.com"]

[Event "Titled Tuesday Blitz June 6 Early 2023"]
[White "Goryachkina, Aleksandra"]
[Black "Makhmudov, Shukhrat"]
[WhiteFideId "4147103"]
[BlackFideId "14200775"]
[WhiteElo "2471"]
[BlackElo "2135"]
[Result "1-0"]
[Round "8"]
[TimeControl "180+2"]
[Date "2023.06.06"]
[WhiteClock "0:01:37"]
[BlackClock "0:01:03"]
[Board "81"]

1. e4 e5 2. Nf3 Nc6 3. Bc4 Nf6 4. d3 Bc5 5. c3 Bb6 6. Nbd2 d6 7. h3 Ne7 8. Nf1 c6 9. Ng3 Ng6 10. O-O O-O 11. a4 h6 12. Bb3 Re8 13. Re1 Be6 14. Bc2 Bc7 15. d4 Nf4 16. Bxf4 exf4 17. Ne2 Nh5 18. Qd3 g6 19. Rad1 d5 20. e5 Bf5 21. Qd2 Bxc2 22. Qxc2 g5 23. Nh2 f6 24. Qg6+ Ng7 25. exf6 1-0


[Site "https://www.chess.com"]

[Event "Titled Tuesday Blitz June 6 Early 2023"]
[White "Marcziter, Dmitrii"]
[Black "Gomez Ledo, Roberto Carlos"]
[WhiteFideId "13900765"]
[BlackFideId "3507076"]
[WhiteElo "2162"]
[BlackElo "2378"]
[Result "1-0"]
[Round "8"]
[TimeControl "180+2"]
[Date "2023.06.06"]
[WhiteClock "0:01:38"]
[BlackClock "0:00:58"]
[Board "82"]

1. d4 Nf6 2. c4 e6 3. Nf3 d5 4. Nc3 dxc4 5. e3 c5 6. Bxc4 a6 7. O-O b5 8. Bd3 Bb7 9. Qe2 Nbd7 10. Rd1 Qc7 11. e4 c4 12. Bc2 Be7 13. Bg5 h6 14. Bh4 e5 15. Bg3 Bd6 16. dxe5 Bxe5 17. Nxe5 Nxe5 18. Nd5 Qb8 19. Nxf6+ gxf6 20. f4 Ng6 21. e5 fxe5 22. f5 1-0


[Site "https://www.chess.com"]

[Event "Titled Tuesday Blitz June 6 Early 2023"]
[White "zsizsi99"]
[Black "Gontcharov, Vladislav"]
[BlackFideId "4123492"]
[WhiteElo "2427"]
[BlackElo "2420"]
[Result "0-1"]
[Round "8"]
[TimeControl "180+2"]
[Date "2023.06.06"]
[WhiteClock "0:00:08"]
[BlackClock "0:00:16"]
[Board "83"]

1. e4 e6 2. d4 d5 3. exd5 exd5 4. Nc3 c6 5. Bf4 Bd6 6. Qd2 Ne7 7. O-O-O Bf5 8. f3 O-O 9. g4 Bg6 10. h4 f5 11. h5 Bxf4 12. Qxf4 fxg4 13. Qg5 Rf5 14. Qxg4 Be8 15. Bd3 Rf6 16. Re1 Nd7 17. Nh3 Nf8 18. Rhg1 g6 19. Qg5 Nf5 20. Bxf5 Rxf5 21. Qxf5 Bd7 22. Qe5 Bxh3 23. hxg6 Nxg6 24. Qh5 Qd7 25. Rg3 Bf5 26. Qg5 Rf8 27. Re7 Qd6 28. Rxb7 Bd7 29. Rxa7 Qe6 30. Rg1 Rxf3 31. Ra8+ Kg7 32. a3 Rf2 33. Kb1 Qf7 34. Rc1 Bf5 35. Ra6 Qd7 36. Qg3 Rf4 37. Qg1 Rg4 38. Qe3 h5 39. Qf3 h4 40. Qe2 h3 41. Nd1 Rg2 42. Qf3 Be4 43. Qh5 Qf5 44. Ne3 Qxh5 45. Nxg2 hxg2 0-1


[Site "https://www.chess.com"]

[Event "Titled Tuesday Blitz June 6 Early 2023"]
[White "Omelja, Artem"]
[Black "Gatterer, Florian"]
[WhiteFideId "14119846"]
[BlackFideId "811688"]
[WhiteElo "2404"]
[BlackElo "2221"]
[Result "1-0"]
[Round "8"]
[TimeControl "180+2"]
[Date "2023.06.06"]
[WhiteClock "0:00:39"]
[BlackClock "0:00:52"]
[Board "84"]

1. e4 c5 2. Nf3 e6 3. d3 Nc6 4. g3 d5 5. Nbd2 Nf6 6. Bg2 Be7 7. O-O O-O 8. e5 Nd7 9. Re1 b5 10. Nf1 a5 11. h4 Re8 12. N1h2 a4 13. Bf4 a3 14. b3 Ba6 15. Bh3 c4 16. Ng5 Nf8 17. Qh5 Bxg5 18. hxg5 Ng6 19. Ng4 d4 20. Bg2 Bb7 21. Be4 Rb8 22. Kg2 Nb4 23. Rh1 Bxe4+ 24. dxe4 Nf8 25. Nf6+ gxf6 26. gxf6 Nxc2 27. Qh6 Ne3+ 28. Bxe3 1-0


[Site "https://www.chess.com"]

[Event "Titled Tuesday Blitz June 6 Early 2023"]
[White "LeoLV10"]
[Black "Moral Garcia, Serafin"]
[BlackFideId "2201925"]
[WhiteElo "2425"]
[BlackElo "2274"]
[Result "1-0"]
[Round "8"]
[TimeControl "180+2"]
[Date "2023.06.06"]
[WhiteClock "0:01:05"]
[BlackClock "0:00:16"]
[Board "85"]

1. e4 e5 2. Nf3 Nc6 3. Bb5 a6 4. Ba4 Nf6 5. O-O Be7 6. Re1 b5 7. Bb3 d6 8. c3 O-O 9. d4 Bg4 10. d5 Na5 11. Bc2 Qc8 12. h3 Bd7 13. Nbd2 c6 14. dxc6 Nxc6 15. Nf1 Be6 16. Ne3 Rd8 17. Nd5 Qb7 18. Bb3 Na5 19. Nxe7+ Qxe7 20. Bd5 Rac8 21. Bg5 Bxd5 22. exd5 h6 23. Bh4 g5 24. Nxg5 hxg5 25. Bxg5 Kg7 26. Re3 Qd7 27. Rg3 Ne4 28. Bxd8+ Nxg3 29. Bxa5 Nf5 30. Qg4+ Kf8 31. Bb4 Rd8 32. a4 Ne7 33. axb5 Qxg4 34. hxg4 axb5 35. Ra6 f6 36. Bxd6 Kf7 37. Bxe7 Kxe7 38. Ra7+ Ke8 39. Ra6 Ke7 40. d6+ Ke6 41. f3 Rc8 42. Kf2 Rc4 43. Rb6 b4 44. Rxb4 Rc6 45. d7 Kxd7 46. Ke3 Rd6 47. Rb7+ Ke6 48. b4 Rd1 49. Rb6+ Kf7 50. Rc6 Rg1 51. Kf2 Rb1 52. Rc5 Ke6 53. b5 Kd6 54. Rc6+ Kd5 55. c4+ Kd4 56. Rxf6 Kxc4 57. b6 Kc5 58. Re6 Kd5 59. Rf6 e4 60. Rf5+ Kd4 61. Rf4 Rb2+ 62. Kg3 1-0


[Site "https://www.chess.com"]

[Event "Titled Tuesday Blitz June 6 Early 2023"]
[White "Hajiyev, Kanan"]
[Black "Baraeva, Irina"]
[WhiteFideId "13404148"]
[BlackFideId "24142565"]
[WhiteElo "2115"]
[BlackElo "2085"]
[Result "1-0"]
[Round "8"]
[TimeControl "180+2"]
[Date "2023.06.06"]
[WhiteClock "0:00:51"]
[BlackClock "0:01:14"]
[Board "86"]

1. d4 d5 2. Nf3 Nf6 3. c4 c6 4. cxd5 cxd5 5. Nc3 Nc6 6. Bg5 Ne4 7. Bf4 a6 8. Qb3 e6 9. e3 Bd6 10. Bxd6 Nxd6 11. Bd3 O-O 12. O-O Na5 13. Qc2 h6 14. Rac1 b5 15. Ne5 Bb7 16. Qe2 Nac4 17. b3 Nxe5 18. dxe5 Nc8 19. f4 d4 20. Ne4 dxe3 21. Qxe3 Nb6 22. Nd6 Rb8 23. Nxb7 Rxb7 24. Qe4 g6 25. Qxb7 Qd4+ 26. Kh1 Nd5 27. Rfd1 Qxf4 28. Qxa6 Ne3 29. Re1 Qg5 30. Qc6 Ng4 31. Qf3 Nxe5 32. Qe3 Nxd3 33. Qxd3 1-0


[Site "https://www.chess.com"]

[Event "Titled Tuesday Blitz June 6 Early 2023"]
[White "Koridze, Lile"]
[Black "Ronka, Erik"]
[WhiteFideId "13612514"]
[BlackFideId "505080"]
[WhiteElo "2047"]
[BlackElo "2264"]
[Result "1/2-1/2"]
[Round "8"]
[TimeControl "180+2"]
[Date "2023.06.06"]
[WhiteClock "0:00:08"]
[BlackClock "0:00:04"]
[Board "87"]

1. d4 d5 2. c4 e6 3. Nf3 a6 4. g3 dxc4 5. Bg2 b5 6. a4 Bb7 7. O-O c5 8. b3 b4 9. bxc4 Nf6 10. dxc5 Qxd1 11. Rxd1 Bxc5 12. Nbd2 Nbd7 13. Nb3 O-O 14. Bf4 Rfc8 15. Na5 Be4 16. Ne5 Nxe5 17. Bxe5 Bxg2 18. Kxg2 Bb6 19. Nb3 Rxc4 20. a5 Bd8 21. Rac1 Rxc1 22. Rxc1 Nd7 23. Bd6 f6 24. Bxb4 Rb8 25. Rd1 Ne5 26. Nc5 Nc6 27. Bc3 Bxa5 28. Bxa5 Nxa5 29. Nxa6 Re8 30. Nc5 Re7 31. Rd8+ Kf7 32. Ra8 Nc6 33. Ra6 Nb4 34. Rb6 Nd5 35. Rb7 Nc3 36. e3 Rxb7 37. Nxb7 Ke7 38. Nc5 Nd5 39. Kf3 f5 40. Ke2 e5 41. Kd3 Nf6 42. f3 Kd6 43. Nb7+ Kd5 44. Na5 e4+ 45. Ke2 exf3+ 46. Kxf3 Nd7 47. Nb3 Ne5+ 48. Kf4 g6 49. Nd4 Ng4 50. h3 Nf2 51. g4 Nxh3+ 52. Kg3 fxg4 53. Kxg4 Nf2+ 54. Kg5 Ke4 55. Ne6 Kxe3 56. Nf8 Ne4+ 57. Kh6 g5 58. Kh5 Kf4 59. Ne6+ Kf5 60. Nf8 Nf6+ 61. Kh6 g4 62. Ng6 g3 63. Nh4+ Kg4 64. Ng2 Ne4 65. Kxh7 Ng5+ 66. Kg6 Nh3 67. Kf6 Nf4 68. Ne3+ Kf3 69. Nf5 g2 70. Nh4+ Kf2 71. Nxg2 1/2-1/2


[Site "https://www.chess.com"]

[Event "Titled Tuesday Blitz June 6 Early 2023"]
[White "Janaszak, Dawid"]
[Black "Lopez Idarraga, Daniel Eduardo"]
[WhiteFideId "1119206"]
[BlackFideId "4405501"]
[WhiteElo "2220"]
[BlackElo "1980"]
[Result "0-1"]
[Round "8"]
[TimeControl "180+2"]
[Date "2023.06.06"]
[WhiteClock "0:00:13"]
[BlackClock "0:01:13"]
[Board "88"]

1. d4 Nf6 2. c4 g6 3. Nc3 Bg7 4. h4 O-O 5. h5 Nxh5 6. e4 d6 7. Nge2 Nc6 8. f3 e5 9. d5 Nd4 10. g4 Nxf3+ 11. Kf2 Bxg4 12. Bh3 Bxh3 13. Rxh3 Nd4 14. Ng3 Nxg3 15. Kxg3 f5 16. Qh1 fxe4 17. Rxh7 Rf3+ 18. Kg2 Qf6 19. Nxe4 Qf5 20. Qh4 Rf8 21. Bg5 Rf4 22. Rxg7+ Kxg7 23. Qh6+ Kg8 24. Ng3 Rg4 25. Rh1 Qf3+ 0-1


[Site "https://www.chess.com"]

[Event "Titled Tuesday Blitz June 6 Early 2023"]
[White "Fernandez Siles, Luis"]
[Black "Devaev, Alexander"]
[WhiteFideId "2209420"]
[BlackFideId "4169395"]
[WhiteElo "2195"]
[BlackElo "2172"]
[Result "0-1"]
[Round "8"]
[TimeControl "180+2"]
[Date "2023.06.06"]
[WhiteClock "0:00:01"]
[BlackClock "0:00:04"]
[Board "89"]

1. d4 Nf6 2. c4 e6 3. Nf3 c5 4. d5 d6 5. Nc3 e5 6. e4 Be7 7. h3 a6 8. g4 Nbd7 9. g5 Ng8 10. Rg1 Nf8 11. h4 f5 12. exf5 Bxf5 13. Bd3 Bg6 14. Be3 Bh5 15. Ne4 Ng6 16. Ng3 Bg4 17. Bf5 Bxf5 18. Nxf5 Bf8 19. Nd2 N8e7 20. Nxe7 Bxe7 21. h5 Nf8 22. Ne4 Nd7 23. Qg4 Nf8 24. O-O-O Qd7 25. Qf3 O-O-O 26. Kb1 Kb8 27. a3 Rc8 28. Ng3 Qd8 29. Nf5 Rg8 30. g6 h6 31. Ka2 Bf6 32. b3 Qd7 33. Qe4 Qc7 34. f4 Nd7 35. fxe5 Nxe5 36. Bf4 Rge8 37. Bxe5 Rxe5 38. Qf4 Rce8 39. Rd2 Qb6 0-1


[Site "https://www.chess.com"]

[Event "Titled Tuesday Blitz June 6 Early 2023"]
[White "Rosenberg, Evan S"]
[Black "Bas Mas, Jose Joaquin"]
[WhiteFideId "2019299"]
[BlackFideId "22219064"]
[WhiteElo "2357"]
[BlackElo "2212"]
[Result "0-1"]
[Round "8"]
[TimeControl "180+2"]
[Date "2023.06.06"]
[WhiteClock "0:00:20"]
[BlackClock "0:00:15"]
[Board "90"]

1. d4 d5 2. Nf3 Nf6 3. Bg5 e6 4. e3 Nbd7 5. c4 h6 6. Bh4 Be7 7. Nc3 O-O 8. cxd5 exd5 9. Bd3 b6 10. O-O Bb7 11. Rc1 c5 12. Ne5 Nxe5 13. dxe5 Ne4 14. Bg3 Nxg3 15. hxg3 Re8 16. f4 a6 17. Qg4 Bc8 18. Qh5 d4 19. Ne4 dxe3 20. Rcd1 Qd4 21. Kh2 Bb7 22. Nf6+ Bxf6 23. Bh7+ Kxh7 24. Rxd4 cxd4 25. exf6 g6 26. Qe2 Rad8 27. Qc4 Bd5 28. Qxd4 Bxg2 29. Qc4 Bd5 30. Qxa6 Rd6 31. Re1 Rxf6 32. Qb5 Bc6 33. Qxb6 Rfe6 34. b4 Bf3 35. Qd4 Re4 36. Qd7 R8e7 37. Qd6 h5 38. b5 e2 39. b6 R4e6 40. Qd8 Rb7 41. Qd3 Bg4 42. Rb1 Rbxb6 43. Re1 Rbd6 44. Qc3 Rd1 45. a4 Rxe1 46. Qxe1 Rd6 47. Kg2 Rd1 48. Kf2 Rxe1 49. Kxe1 Bf3 50. a5 Kh6 51. a6 g5 52. a7 gxf4 53. gxf4 Kg6 54. a8=Q Bxa8 55. Kxe2 Kf5 56. Kf2 Kxf4 57. Kg1 Kg4 58. Kh2 f5 59. Kg1 Bd5 60. Kh2 Be6 61. Kg1 f4 62. Kh2 h4 63. Kg1 Bf5 64. Kh2 Bg6 65. Kg1 Bf5 66. Kh2 Be4 67. Kg1 h3 68. Kh2 Kh4 69. Kg1 Kg3 70. Kf1 Bf3 71. Kg1 h2+ 72. Kf1 h1=Q# 0-1


[Site "https://www.chess.com"]

[Event "Titled Tuesday Blitz June 6 Early 2023"]
[White "Bashirli, Saadat"]
[Black "Ljukin, Sergei"]
[WhiteFideId "13429990"]
[BlackFideId "14102200"]
[WhiteElo "1408"]
[BlackElo "2312"]
[Result "0-1"]
[Round "8"]
[TimeControl "180+2"]
[Date "2023.06.06"]
[WhiteClock "0:00:06"]
[BlackClock "0:00:09"]
[Board "91"]

1. d4 d5 2. e3 Nf6 3. f4 c5 4. c3 Bf5 5. Bd3 e6 6. Nf3 Nc6 7. Qc2 Bxd3 8. Qxd3 Be7 9. Nbd2 O-O 10. O-O a6 11. Ne5 Rc8 12. Qe2 b5 13. a4 Qb6 14. g4 Rfd8 15. g5 Ne8 16. Qh5 g6 17. Qf3 Nd6 18. Kh1 Nf5 19. axb5 axb5 20. Nb3 c4 21. Nd2 Ra8 22. Rxa8 Rxa8 23. e4 dxe4 24. Nxe4 Nxe5 25. Nf6+ Bxf6 26. Qxa8+ Bd8 27. fxe5 Kg7 28. Qe4 b4 29. Qe2 bxc3 30. bxc3 Qb3 31. Bd2 Ba5 32. Rc1 Bd8 33. Kg1 Be7 34. Qd1 Qb7 35. Qe2 Ba3 36. Ra1 Qb2 37. Re1 Qc2 38. Ra1 Bb2 39. Re1 Bxc3 40. Bxc3 Qxc3 41. Rd1 Nxd4 42. Qf2 Nf5 43. Re1 Qd3 44. Qe2 Qd4+ 45. Qf2 Qd5 46. Qg2 Qd8 47. Kh1 c3 48. Rc1 Qd4 49. Qe2 Ne3 50. Re1 c2 51. h3 Qc5 52. Rc1 Qxe5 53. Kg1 Qc5 54. Kh1 Qd5+ 55. Kh2 Qe5+ 56. Kg1 Qe4 57. Qf2 Qe5 58. Qf6+ Qxf6 59. gxf6+ Kxf6 60. Kf2 Nd5 61. Rxc2 h5 62. Kg3 g5 63. Rf2+ Kg6 64. Ra2 e5 65. Ra6+ f6 66. Ra5 h4+ 67. Kh2 Nf4 68. Ra8 Kf5 69. Ra7 Nd3 70. Kg2 e4 71. Ra5+ Kf4 72. Ra6 f5 73. Ra1 Ne5 74. Rf1+ Nf3 75. Rd1 Ke3 76. Rc1 f4 77. Ra1 Kd3 78. Ra3+ Ke2 79. Ra2+ Nd2 80. Rb2 f3+ 81. Kh2 f2 82. Rb1 f1=Q 83. Rxf1 Nxf1+ 84. Kg2 Ne3+ 85. Kh2 Nd5 86. Kg2 Nf4+ 87. Kh2 e3 88. Kh1 Kf3 89. Kh2 e2 90. Kg1 e1=Q+ 91. Kh2 Qf2+ 92. Kh1 Qg2# 0-1


[Site "https://www.chess.com"]

[Event "Titled Tuesday Blitz June 6 Early 2023"]
[White "Papayan, Oleg"]
[Black "Rosh Jain"]
[WhiteFideId "4193911"]
[BlackFideId "25789465"]
[WhiteElo "2167"]
[BlackElo "2233"]
[Result "1-0"]
[Round "8"]
[TimeControl "180+2"]
[Date "2023.06.06"]
[WhiteClock "0:00:01"]
[BlackClock "0:00:01"]
[Board "92"]

1. e4 c5 2. d4 cxd4 3. Qxd4 Nc6 4. Qd3 Nf6 5. Nc3 d6 6. Nf3 g6 7. Be2 Bg7 8. O-O Bd7 9. Nd5 O-O 10. c3 Rc8 11. Bg5 Nxd5 12. exd5 Bf5 13. Qb5 Ne5 14. Qxb7 Rc7 15. Qb3 Nd7 16. Rfe1 Nc5 17. Qd1 Qb8 18. Bc4 Ne4 19. Bb3 h6 20. Be3 Nf6 21. Nd4 Bd7 22. f3 h5 23. Qd2 Kh7 24. Rad1 a5 25. Bg5 a4 26. Bc2 Qxb2 27. Rxe7 Nxd5 28. Bxg6+ fxg6 29. Qxb2 Nxe7 30. Bxe7 Rfc8 31. Ne2 a3 32. Qxa3 Bb5 33. Bxd6 Bxe2 34. Bxc7 Bxd1 35. Ba5 Re8 36. Kf2 Re2+ 37. Kf1 Rc2 38. Ke1 Be2 39. Qa4 Bd3 40. Qd7 Bf5 41. Qe7 Rxg2 42. Bb4 Kh6 43. Qd8 1-0


[Site "https://www.chess.com"]

[Event "Titled Tuesday Blitz June 6 Early 2023"]
[White "MunichMouse"]
[Black "i_like_explosions"]
[WhiteElo "2293"]
[BlackElo "2463"]
[Result "1-0"]
[Round "8"]
[TimeControl "180+2"]
[Date "2023.06.06"]
[WhiteClock "0:00:15"]
[BlackClock "0:00:09"]
[Board "93"]

1. d4 Nf6 2. c4 e6 3. Nf3 Bb4+ 4. Bd2 Be7 5. Qc2 d5 6. Nc3 c6 7. e4 dxe4 8. Nxe4 Nbd7 9. Bd3 Nxe4 10. Bxe4 Nf6 11. Bd3 O-O 12. O-O c5 13. Bc3 cxd4 14. Nxd4 Bd7 15. Rfd1 Qc7 16. Rac1 a6 17. b4 Rad8 18. Qe2 Bc8 19. Nf3 Rfe8 20. a3 a5 21. Nd4 axb4 22. axb4 b6 23. Nb5 Qb8 24. Be5 Qb7 25. Qb2 Bd7 26. Nd4 Ng4 27. Bg3 Bf6 28. h3 Nh6 29. Qc2 g6 30. Nf3 Bc6 31. Bh4 Bxh4 32. Nxh4 Nf5 33. Nxf5 gxf5 34. f3 Re7 35. b5 Be8 36. c5 bxc5 37. Qxc5 Red7 38. Qe3 Rd5 39. b6 Bc6 40. Be2 Rxd1+ 41. Rxd1 Rxd1+ 42. Bxd1 Bd5 43. Ba4 Kg7 44. Qe5+ Kf8 45. Qc7 Qxc7 46. bxc7 Bb7 47. Bd7 Ke7 48. c8=Q Bxc8 49. Bxc8 Kf6 50. Bb7 Ke5 51. Kf2 f4 52. Ke2 Kf5 53. Be4+ Kg5 54. Bxh7 f5 55. Bg8 e5 56. Be6 e4 57. Bd5 e3 58. Kd3 Kf6 59. Bc4 Ke5 60. Kc3 Kf6 61. Kd4 Kg5 62. Ke5 Kh4 63. Kxf4 e2 64. Bxe2 Kh5 65. Kxf5 Kh4 66. Kf4 Kh5 67. g4+ Kh4 68. g5 Kh5 69. h4 Kxh4 70. g6 Kh3 71. g7 Kh2 72. g8=Q Kh1 73. Ke3 Kh2 74. Kf2 Kh3 75. Qg5 Kh2 76. Qh4# 1-0


[Site "https://www.chess.com"]